Map: [ESL] Amphion

Players

herO - Winner!

  • Race: Protoss Protoss
  • Spawn Location: 7:00

Clem

  • Race: Terran Terran
  • Spawn Location: 11:00

Event: ESL Spring 2024 Finals

VOD

Have the link to the VOD?

Description

Time

  • Played on: June 1, 2024, 2:27 p.m.
  • Length: 4:32

All games in this series

Show
View Real Time Build Order
Export as new Build Order

herO Protoss - Winner!

Build Orders:  

Get SALT Encoding   

  12  0:00  Probe  
  13  0:12  Probe  
  14  0:17  Pylon  
  14  0:24  Probe  
  15  0:36  Gateway  
  15  0:39  Probe  
  16  0:47  Pylon  
  16  0:51  Probe  
  16  0:56  Assimilator  
  18  1:07  Gateway  
  18  1:10  Probe  
  18  1:22  Probe  
  18  1:24  Cybernetics Core  
  19  1:32  Zealot  
  21  1:35  Probe  
  22  1:47  Probe  
  22  1:57  Stalker (Chrono Boost)  
  22  2:00  Adept (Chrono Boost)  
  24  2:07  Pylon  
  26  2:17  Stalker (Chrono Boost)  
  28  2:24  Probe  
  28  2:27  Warp Gate (Chrono Boost)  
  29  2:42  Adept  
  31  2:59  Nexus  
  31  3:00  Assimilator, Probe  
  32  3:07  Adept  
  32  3:12  Probe  
  35  3:18  Pylon  
  35  3:24  Adept, Probe  
  36  3:37  Stalker  
  38  3:48  Probe  
  37  3:58  Robotics Facility  
  37  4:00  Probe  
  36  4:08  Stalker  
  38  4:12  Probe (Chrono Boost)  
  38  4:14  Stalker  
  38  4:16  Probe (Chrono Boost)  
Show
View Real Time Build Order
Export as new Build Order

Clem Terran 

Build Orders: Cyclone Opening 

Get SALT Encoding   

  12  0:00  SCV  
  13  0:12  SCV  
  14  0:17  Supply Depot  
  14  0:24  SCV  
  15  0:39  SCV  
  15  0:40  Barracks  
  16  0:45  Refinery  
  16  0:51  SCV  
  17  1:03  SCV  
  18  1:15  SCV  
  19  1:27  Orbital Command, Marine  
  20  1:47  Command Center  
  20  1:53  SCV  
  21  1:56  Factory  
  21  2:05  Barracks Reactor  
  22  2:10  Bunker  
  22  2:12  Marine  
  22  2:14  Supply Depot  
  22  2:20  SCV  
  22  2:30  Marine  
  22  2:36  SCV  
  23  2:40  Cyclone  
  24  2:48  SCV  
  24  2:51  Marine  
  24  3:00  SCV  
  23  3:08  Marine  
  23  3:12  SCV, Cyclone  
  26  3:19  Supply Depot  
  25  3:24  SCV  
  25  3:26  Marine  
  26  3:32  Barracks  
  26  3:37  SCV  
  27  3:44  Marine  
  27  3:46  Cyclone  
  25  3:49  SCV  
  25  3:55  Orbital Command  
  26  4:01  SCV  
  27  4:03  Marine  
  28  4:13  SCV  
Tags
 
Add a new tag
Caveats
  • Supply blocks, unpowered buildings, or Contaminate may cause inaccurate times.
  • Supply counts are checked every 10 seconds.